[Event "*** Titled Tuesday Blitz"]
[Site "Chess.com"]
[Date "2021.04.06"]
[Round "1"]
[White "viggi38"]
[Black "Flopezin"]
[Result "1-0"]
[WhiteElo "2639"]
[BlackElo "2341"]
[TimeControl "180+1"]
[EndTime "10:08:13 PDT"]
[Termination "viggi38 won by resignation"]

1. d4 Nf6 2. c4 e6 3. Nf3 c5 4. d5 d6 5. Nc3 exd5 6. cxd5 g6 7.
e4 Bg7 8. Nd2 a6 9. a4 Nbd7 10.
Be2 O-O 11. Nc4 Nb6 12. Ne3 Re8 13. a5 Nbd7 14. Nc4 Ne5 15. Nb6 Rb8 16. O-O Ned7 17. Nc4 Qc7 18. Bf4 Bf8 19. Bf3 b5 20. axb6 Nxb6 21.
Na5 Bd7 22. Re1 Bb5 23. b3 Nfd7 24. Nxb5 axb5 25. Qd2 Bg7 26. Rac1 Ne5 27. Be2 Ra8 28. Bxb5 Reb8 29. Nc6 Nxc6 30. Bxc6 Ra3 31. b4 c4 32. b5 c3 33. Qd3 Na4 34. e5 dxe5 35. d6 Qb6 36. Bxe5 Bxe5 37. Rxe5 Nc5 38. Qe3 Ne6 39. Rxe6 fxe6 40. Qxe6+ Kg7 41. Qe5+ Kh6 42. d7 Ra2 43. Qf4+ Kg7 44. Qe5+ Kh6 45. Qe3+ Qxe3 46. fxe3 Kg7 47. Rxc3 Kf6 48. e4 Ke7 49. Rf3 Rd2 50. h4 Rd8 51. Kh2 R8xd7 52. Bxd7 Rxd7 53. Rb3 Rb7 54. Kg3 Ke6 55. Kf4 Rf7+ 56. Ke3 Ke5 57. b6 Rb7 58. Rb5+ Kd6 59. h5 gxh5 60. Rxh5 Rxb6 61. Rh6+ Kc7 62. Rxb6 Kxb6 63. Kf4 1-0

[Event "*** Titled Tuesday Blitz"]
[Site "Chess.com"]
[Date "2021.04.06"]
[Round "1"]
[White "sewin16"]
[Black "EugeneRougon"]
[Result "1-0"]
[WhiteElo "2460"]
[BlackElo "2741"]
[TimeControl "180+1"]
[EndTime "10:08:14 PDT"]
[Termination "sewin16 won by resignation"]

1. e4 d6 2. d4 g6 3. Nc3 Nf6 4. Nf3 Bg7 5. h3 O-O 6. Be2 a6 7. a4 b6 8. O-O Bb7 9. e5 Ne8 10. Bf4 c5 11. d5 Nd7 12. exd6 Nxd6 13. Bg3 Nf5 14. Bh2 Nd4 15. Bc4 Nf6 16. Nxd4 cxd4 17.
Qxd4 Nxd5 18. Qe4 Nxc3 19. Qxb7 Qc8 20. Qxc8 Rfxc8 21. Bd3 Nd5 22. Be4 e6 23. c3 Rc4 24.
Bd3 Rc5 25. Rfd1 f5 26. Be2 Kf7 27. Bf3 Rac8 28. Be2 a5 29. Rac1 e5 30. Bb5 Bh6 31. Rc2 Bf4 32. g3 Bg5 33. Re2 Bf6 34. c4 Nb4 35. Rd7+ Ke6 36. Rxh7 e4 37. g4 Nd3 38. b3 Be5 39. gxf5+ Kxf5 40. Bd7+ Kf6 41. Bxc8 Bxh2+ 42. Kxh2 Rxc8 43. Rxe4 Nc5 44. Re3 Rd8 45. Rf3+ Kg5 46. h4+ Kg4 47. Rg3+ Kf5 48. h5 gxh5 49. Rxh5+ Kf4 50. Rg6 Rd2 51. Kg2 Ne4 52. Rh4+ Kf5 53. Rxe4 Kxe4 54. Rxb6 Rb2 55. Rb5 Kd4 56. Kg3 Kc3 57.
f4 Rb1 58. Kg4 Kd4 59. Kf5 1-0

[Event "*** Titled Tuesday Blitz"]
[Site "Chess.com"]
[Date "2021.04.06"]
[Round "1"]
[White "Borsuk_Konstantin"]
[Black "Nils_03"]
[Result "1-0"]
[WhiteElo "2676"]
[BlackElo "2363"]
[TimeControl "180+1"]
[EndTime "10:08:17 PDT"]
[Termination "Borsuk_Konstantin won by resignation"]

1. d4 d5 2. c4 e6 3. Nc3 c6 4. Nf3 dxc4 5. a4 Bb4 6. Bd2 Nf6 7. e3 Bxc3 8. bxc3 b5 9. Qb1 Bd7 10. g4 O-O 11. g5 Nd5 12. Rg1 a5 13. e4 Nb6 14. axb5 cxb5 15. Ne5 Nc6 16. Ng4 b4 17. e5 Kh8 18. Rg3 bxc3 19. Rxc3 Nd5 20. Rh3 g6 21. Nf6 Nxf6 22. gxf6 Nxd4 23. Qe4 Bc6 24. Qh4 Nf3+ 25. Rxf3 Bxf3 26. Qh6 Rg8 27. Qf4 Qd5 28. Bxc4 Qe4+ 29. Qxe4 Bxe4 30. Rxa5 Rxa5 31.
Bxa5 Ra8 32. Bd2 Bf3 33. Bg5 Rd8 34. Bb3 Rd3 35. Bc2 Rd5 36. Bf4 g5 37. Bxg5 Rxe5+ 38. Be3 h5 39. Kd2 Rd5+ 40. Kc3 Kg8 41. h4 Ra5 42.
Kd4 Bg4 43. Be4 Bf5 44. Bf3 Bg6 45. Kc3 Ra4 46. Kd2 Rxh4 47. Bg5 Ra4 48. Ke3 h4 49.
Bc6 Bf5 50. Bxa4 h3 51. Bc6 Kh7 52. Kf4 Kg6 53. Bh4 Bc2 54. Kg3 Bf5 55. Bf3 e5 56. Be2 Be6 57. Bd3+ Kh5 58. Be4 Bd7 59. Bf3+ Kg6 60.
Be2 Be6 61. Bf1 e4 62. Bxh3 1-0

[Event "*** Titled Tuesday Blitz"]
[Site "Chess.com"]
[Date "2021.04.06"]
[Round "1"]
[White "grzechu96"]
[Black "Ladislav1969"]
[Result "1-0"]
[WhiteElo "2663"]
[BlackElo "2353"]
[TimeControl "180+1"]
[EndTime "10:08:19 PDT"]
[Termination "grzechu96 won on time"]

1. e4 c5 2. Nf3 e6 3. b3 Nc6 4. Bb2 d6 5. d4 cxd4 6. Nxd4 Nf6 7. Nd2 Bd7 8. Bd3 Be7 9. O-O O-O 10. c4 d5 11. Nxc6 bxc6 12. e5 Ne8 13. Qc2 g6 14. Rad1 f5 15. exf6 Bxf6 16. Rfe1 Bxb2 17. Qxb2 Qf6 18.
Qxf6 Nxf6 19. Nf3 a5 20. Ne5 Be8 21. Rc1 a4 22. b4 Rb8 23. a3 Rb6 24. cxd5 cxd5 25.
Rc7 Bb5 26. Bxb5 Rxb5 27. f3 d4 28. Nd3 Nd5 29. Rc4 Nf4 30. Rxd4 Nxd3 31. Rxd3 e5 32. Rde3 Rc8 33. Kf2 Rc2+ 34. R1e2 Rc4 35. Rxe5 Rxe5 36. Rxe5 Rc3 37. Re3 Rc2+ 38. Kg3 Kf7 39. h4 Rb2 40. h5 Rb3 41. hxg6+ hxg6 42. Kf4 Kf6 43. Ke4 Rb2 44. g4 g5 45. Rc3 Re2+ 46. Kd3 Rf2 47. Ke3 Rb2 48.
Ke4 Re2+ 49. Kd4 Ra2 50. b5 Rb2 51. Kc4 Ke5 52. Rd3 Kf4 53. Kc5 Rb3 54. Rd4+ Kxf3 55. Rxa4 Rc3+ 56. Rc4 Rxa3 57. b6 Rb3 58. Kc6 Kg3 59.
b7 Kh4 60. Kc7 1-0

[Event "*** Titled Tuesday Blitz"]
[Site "Chess.com"]
[Date "2021.04.06"]
[Round "1"]
[White "Kostukov_Alex"]
[Black "IwkooO"]
[Result "0-1"]
[WhiteElo "2297"]
[BlackElo "2603"]
[TimeControl "180+1"]
[EndTime "10:08:20 PDT"]
[Termination "IwkooO won by resignation"]

1. g3 c6 2. Bg2 g6 3. Nf3 Bg7 4.
O-O Nf6 5. d4 O-O 6. c4 d5 7. cxd5 Nxd5 8. e4 Nb6 9. h3 Na6 10.
Nc3 Be6 11. Re1 h6 12. b3 c5 13. Be3 Rc8 14. Rc1 Qd7 15. dxc5 Nxc5 16. Qxd7 Nbxd7 17. Nd5 Bxd5 18. exd5 Nd3 19. Rxc8 Rxc8 20. Rd1 Nb4 21. d6 e6 22. Nd4 a6 23. a3 Nd5 24.
Bxd5 exd5 25. Rd3 Ne5 26. Rd1 Rd8 27. Nc2 Rxd6 28. f4 Nc6 29. Bc5 Rd8 30. Ne3 d4 31.
Nc4 b5 32. Nd6 Bf8 33. Nb7 Bxc5 34. Nxc5 a5 35. Kf2 Re8 36. Re1 Rxe1 37. Kxe1 Kf8 38. Ke2 Ke7 39. Kd3 Kd6 40. Ne4+ Kd5 41. Nf6+ Ke6 42.
Ne4 f5 43. Nc5+ Kd5 44. Nd7 Nd8 45. Nb6+ Kc6 46. Nc8 Ne6 47. Ne7+ Kd6 48. Nxg6 h5 49.
h4 Kc5 50. Ne7 Ng7 51. Ng6 Kd5 52. Ne7+ Kd6 53. Ng6 Ne6 54. Ne5 Kd5 55. Nd7 Nc5+ 56. Nxc5 Kxc5 57. Kc2 a4 58. bxa4 bxa4 59. Kd3 Kd5 60. Kd2 Kc4 61. Kc2 d3+ 62. Kd2 Kd4 63.
g4 fxg4 64. f5 g3 65. f6 g2 66. f7 g1=Q 67. f8=Q Qe3+ 68. Kd1 Qe2+ 0-1

[Event "*** Titled Tuesday Blitz"]
[Site "Chess.com"]
[Date "2021.04.06"]
[Round "1"]
[White "HanSchut"]
[Black "tvjosue"]
[Result "0-1"]
[WhiteElo "2257"]
[BlackElo "2569"]
[TimeControl "180+1"]
[EndTime "10:08:20 PDT"]
[Termination "tvjosue won by resignation"]

1. e4 g6 2. d4 Bg7 3. Nc3 c6 4.
f4 d5 5. Nf3 dxe4 6. Nxe4 Nf6 7. Bd3 O-O 8. O-O Nxe4 9. Bxe4 Nd7 10. Ne5 Nf6 11. Bf3 Qc7 12. Be3 Be6 13. g3 Rad8 14.
Qe2 Bd5 15. c4 Bxf3 16. Qxf3 Rd6 17. b3 Rfd8 18. Rad1 e6 19. a4 a5 20. Kh1 b6 21.
g4 b5 22. axb5 cxb5 23. c5 Rd5 24. f5 exf5 25. gxf5 a4 26. b4 Nh5 27. fxg6 hxg6 28.
Qxf7+ Qxf7 29. Nxf7 R8d7 30. Nh6+ Bxh6 31. Bxh6 Rxd4 32.
Rxd4 Rxd4 33. Rc1 Rd8 34. c6 Rc8 35. c7 Kf7 36. Be3 Ng7 37. Bb6 Ne6 38. Kg2 Ke7 39.
Kg3 Kd7 40. Kg4 Nxc7 41. Rd1+ Kc6 42. Bc5 Nd5 43. Re1 Rh8 44. Re6+ Kc7 45. Rxg6 Kb7 46. Rg7+ Kc6 47. Rg6+ Kc7 48. Rg7+ Kb8 49. h4 a3 50. Ra7 Nxb4 51. Rxa3 Nd5 52. Rb3 Nf6+ 53. Kf5 Ne8 54.
Rxb5+ Kc7 55. Bf2 Nd6+ 56. Kg6 Nxb5 57. Kg7 Rh5 58. Kg6 Rh8 59. Kg7 Re8 60. h5 Nd6 61. h6 Nf5+ 62. Kf7 Nd6+ 63. Kg7 Kd7 64. h7 Nf5+ 65.
Kg6 Ke6 66. Bh4 Nxh4+ 67. Kg7 Nf5+ 68. Kg6 Rh8 0-1

[Event "*** Titled Tuesday Blitz"]
[Site "Chess.com"]
[Date "2021.04.06"]
[Round "1"]
[White "Andrakhanova"]
[Black "federicosellitti"]
[Result "0-1"]
[WhiteElo "2235"]
[BlackElo "2554"]
[TimeControl "180+1"]
[EndTime "10:08:20 PDT"]
[Termination "federicosellitti won on time"]

1. c4 c5 2. Nc3 Nc6 3. g3 g6 4. Bg2 Bg7 5. Nf3 Nf6 6. d4 cxd4 7. Nxd4 O-O 8. O-O d6 9. h3 Bd7 10. e3 a6 11. b3 Rc8 12. Bb2 b5 13. Nxc6 Bxc6 14.
Bxc6 Rxc6 15. cxb5 axb5 16. Nxb5 Qd7 17. Kh2 Rfc8 18. Nd4 R6c7 19. Rc1 Ne4 20. Qe2 Ng5 21.
g4 h5 22. Rxc7 Rxc7 23. f4 Ne4 24. gxh5 e5 25. Nb5 Rc5 26. a4 Qc6 27. hxg6 Rc2 28. gxf7+ Kxf7 29. fxe5+ Kg8 30. Re1 Bxe5+ 31. Bxe5 dxe5 32.
Kg1 Rxe2 33. Rxe2 Qc1+ 34. Kh2 Qd1 35. Rg2+ Kh7 36. b4 Nd2 37. Rf2 Nf1+ 38. Kg2 Nxe3+ 39.
Kg3 Qxa4 40. Nd6 Qxb4 41. Nf7 Qd4 42. Ng5+ Kg6 43. Ne6 Qd6 44. Nf8+ Kg7 45. h4 Nd5 46. h5 Nf4 47. Ng6 Nxg6 48. hxg6 Qxg6+ 49. Kf3 Qf5+ 50.
Ke3 Qe6 51. Ke4 Qc6+ 52. Ke3 Qd5 53. Rd2 Qc4 54. Rf2 Qd4+ 55. Kf3 e4+ 56. Kf4 e3+ 0-1

[Event "*** Titled Tuesday Blitz"]
[Site "Chess.com"]
[Date "2021.04.06"]
[Round "1"]
[White "ckgchess"]
[Black "McCarthyStone"]
[Result "0-1"]
[WhiteElo "2688"]
[BlackElo "2400"]
[TimeControl "180+1"]
[EndTime "10:08:22 PDT"]
[Termination "McCarthyStone won on time"]

1. d4 d5 2. c4 Nc6 3. Nf3 Bg4 4. cxd5 Bxf3 5. dxc6 Bxc6 6. Nc3 Nf6 7. Bg5 e6 8.
e3 h6 9. Bh4 Be7 10. Be2 g5 11. Bg3 Bxg2 12. Rg1 Bc6 13. Be5 Rg8 14. Qb3 a6 15.
O-O-O Nd5 16. Bf3 Nxc3 17. Bxc6+ bxc6 18. Qxc3 Qd5 19. Kb1 Rc8 20. Rc1 f6 21. Bg3 c5 22.
dxc5 e5 23. Rgd1 Qe6 24. e4 Kf7 25. c6 Rgd8 26. Rd3 a5 27. Rxd8 Rxd8 28. Qxa5 Qd6 29. Qc3 Rb8 30. Ka1 Rb4 31. Qc2 Qe6 32. a3 Rd4 33. f3 Kg6 34. Bf2 Rd8 35. Be3 Ra8 36. Qc4 Qxc4 37. Rxc4 Bxa3 38. Kb1 Rb8 39. Bc1 Kf7 40. Kc2 Bd6 41. Bd2 Ke6 42. b4 h5 43. Kb3 g4 44. fxg4 hxg4 45. Be1 f5 46. exf5+ Kxf5 47. Bg3 Rb5 48. Ka4 Rb6 49. b5 Rb8 50. Rc1 Ra8+ 51. Kb3 Ra3+ 52. Kc4 Ra4+ 53. Kb3 Rb4+ 54. Kc3 Rxb5 55. Kd3 Rd5+ 56. Ke3 Bc5+ 57. Ke2 Bd6 58. Ke3 Rc5 59. Rf1+ Ke6 60. Bh4 Rxc6 61. Rf6+ Kd5 62. Rg6 Bc5+ 63. Kd3 Rxg6 0-1

[Event "*** Titled Tuesday Blitz"]
[Site "Chess.com"]
[Date "2021.04.06"]
[Round "1"]
[White "MITerryble"]
[Black "beautroll"]
[Result "1-0"]
[WhiteElo "2905"]
[BlackElo "2459"]
[TimeControl "180+1"]
[EndTime "10:08:23 PDT"]
[Termination "MITerryble won by resignation"]

1. e4 c5 2. Nf3 d6 3. Bb5+ Nd7 4. d4 cxd4 5. Qxd4 Nf6 6. Bg5 e6 7. e5 dxe5 8. Nxe5 Qa5+ 9. Nc3 a6 10. Bxd7+ Nxd7 11. O-O-O Bc5 12. Qd2 Nf6 13. Nc4 Qc7 14. Ne4 Nd5 15. Nxc5 Qxc5 16. Ne3 O-O 17. Nxd5 exd5 18.
Qxd5 Qxd5 19. Rxd5 Be6 20. Rd6 Rac8 21. Rhd1 Bxa2 22.
Rb6 Be6 23. Rxb7 Bf5 24. Rd2 Rfe8 25. Be3 Rc4 26. b3 Rc6 27. Kb2 h6 28. c4 g5 29.
Bd4 Be4 30. f3 Bg6 31. Bc3 Rce6 32. Rbd7 Re1 33. Rd8 Rb1+ 34. Ka3 f5 35. Rxe8+ Bxe8 36. Rd6 Kf7 37. Rxa6 Rg1 38. Rf6+ Ke7 39. g3 Rg2 40. Rxh6 f4 41. Bf6+ Kd7 42. gxf4 gxf4 43. Be5 Bf7 44. Bxf4 Rf2 45. Rd6+ Ke7 46. Bg3 Rxf3 47. Rc6 Kd7 48.
Rc7+ Ke8 49. Kb4 Be6 50. Rc5 Kd7 51. Re5 Bf7 52. Re2 Bg6 53. Rd2+ Kc6 54. Rd6+ Kb7 55. Rxg6 Re3 56. h4 1-0

[Event "*** Titled Tuesday Blitz"]
[Site "Chess.com"]
[Date "2021.04.06"]
[Round "1"]
[White "GadimbayliA"]
[Black "Aslanov_Umid"]
[Result "1-0"]
[WhiteElo "2786"]
[BlackElo "2420"]
[TimeControl "180+1"]
[EndTime "10:08:23 PDT"]
[Termination "GadimbayliA won by resignation"]

1. e4 c5 2. Nf3 d6 3. d4 cxd4 4. Nxd4 Nf6 5. Nc3 a6 6. g3 e6 7. Bg2 Be7 8. O-O O-O 9. Be3 Qc7 10. Qe2 Nc6 11. Rad1 Bd7 12. f4 Nxd4 13. Bxd4 Bc6 14. g4 b5 15. g5 Nd7 16. a3 Rab8 17. h4 b4 18. axb4 Rxb4 19. Qxa6 Rxb2 20. Nd5 Bxd5 21.
exd5 Rxc2 22. dxe6 fxe6 23. Qd3 Qc4 24. Qxc4 Rxc4 25.
f5 Ne5 26. fxe6 Rxf1+ 27. Kxf1 Ng6 28. h5 Nf4 29. Bf3 Bxg5 30. Bb6 Kf8 31. Rxd6 Ke7 32. Rd7+ Kxe6 33. Rxg7 Bh4 34. Be3 Rc3 35. Bg4+ Kd5 36.
Bxf4 Ke4 37. Bd2 Rc2 38. Ke2 Bf6 39. Bf3+ Kf5 40. Rg1 Bc3 41. Kd3 Rxd2+ 42. Kxc3 Rf2 43. Bd1 Rh2 44. Rg7 h6 45. Rg6 Rh3+ 46. Kd4 Rh1 47. Bg4+ Kf4 48. Be2 Rh2 49. Kd3 Rh3+ 50. Kd2 Kf5 51.
Rxh6 Kg5 52. Rg6+ Kf5 53. Bg4+ 1-0

[Event "*** Titled Tuesday Blitz"]
[Site "Chess.com"]
[Date "2021.04.06"]
[Round "1"]
[White "Matensien"]
[Black "MilosJi"]
[Result "1-0"]
[WhiteElo "2372"]
[BlackElo "2636"]
[TimeControl "180+1"]
[EndTime "10:08:23 PDT"]
[Termination "Matensien won by checkmate"]

1. c4 Nf6 2. d4 e6 3. Nc3 d5 4.
cxd5 exd5 5. Bg5 c6 6. Qc2 Na6 7. a3 Nc7 8. e3 Be7 9. Bd3 Bg4 10. f3 Bh5 11. Nge2 Bg6 12. O-O O-O 13. Rae1 Re8 14. h3 Rc8 15. Bh4 Ne6 16. Bf2 c5 17.
Bxg6 hxg6 18. Qb3 cxd4 19. Nxd4 Nxd4 20. exd4 Qd7 21. Re5 Bd6 22. Rxe8+ Rxe8 23. Re1 Rxe1+ 24. Bxe1 Bf4 25. Bf2 g5 26. Qa4 Qxa4 27. Nxa4 Bc1 28. Be1 b5 29. Nc3 Bxb2 30. Nxb5 a6 31. Nc7 Bxd4+ 32.
Kf1 Kf8 33. Bb4+ Kg8 34. Nxa6 Bb6 35. a4 Nd7 36. a5 Ba7 37. Nc7 d4 38. Nb5 Bb8 39. a6 d3 40. a7 Bxa7 41. Nxa7 f5 42. Nc6 Kf7 43. Bc3 Nc5 44. Ke1 Ne6 45. Ne5+ Ke7 46. Nxd3 Kf7 47. Ke2 Kg6 48. Ne5+ Kh5 49. g3 f4 50. g4+ Kh4 51. Ng6+ Kxh3 52. Ne7 Kg2 53. Nf5 g6 54. Ne7 Nc7 55. Nxg6 Ne6 56. Ne7 Kg3 57. Nf5+ Kg2 58. Nd6 Kg3 59. Ne4+ Kh4 60.
Bf6 Kh3 61. Bxg5 Kg2 62. Bf6 Nc7 63. g5 Ne8 64. g6 Nd6 65. Nxd6 Kg3 66. g7 Kh3 67.
Be5 Kh2 68. Bxf4+ Kh1 69. Be3 Kh2 70. g8=Q Kh1 71. Qg1# 1-0

[Event "*** Titled Tuesday Blitz"]
[Site "Chess.com"]
[Date "2021.04.06"]
[Round "1"]
[White "Mihnea2017"]
[Black "Anton_Demchenko"]
[Result "0-1"]
[WhiteElo "2455"]
[BlackElo "2888"]
[TimeControl "180+1"]
[EndTime "10:08:25 PDT"]
[Termination "Anton_Demchenko won by checkmate"]

1. e4 e5 2. Nf3 Nc6 3. Nc3 Nf6 4. d4 Bb4 5. dxe5 Nxe4 6. Qd3 Nxc3 7. bxc3 Be7 8. Bf4 O-O 9. Rd1 d5 10. exd6 cxd6 11.
Be2 Qa5 12. O-O Bf5 13. Qd2 Qxa2 14. Bd3 Bg4 15. Ra1 Qe6 16. Nd4 Nxd4 17. cxd4 Bf6 18.
d5 Qd7 19. Ra3 b6 20. c4 Rfe8 21. Bb1 Be5 22. Rg3 Bf5 23. Bxe5 Rxe5 24. Bxf5 Qxf5 25. h3 Qf6 26. Rb1 Rae8 27. Rf3 Qe7 28. Kh2 Re2 29. Qf4 Qe5 30. Ra1 Qxf4+ 31. Rxf4 R8e7 32. Rf3 Rc7 33. Rfa3 Ree7 34. Kg3 Kf8 35. Ra4 Ke8 36. Kf3 Kd8 37. h4 Kc8 38. g3 Kb8 39. R1a2 Rc5 40. h5 Rec7 41. Re2 Rxc4 42. Rxc4 Rxc4 43. Re8+ Rc8 44. Re7 Rc7 45. Re8+ Kb7 46. Rg8 f6 47. Kf4 a5 48.
Kf5 a4 49. h6 gxh6 50. Rg4 b5 51. Kxf6 Kb6 52. Ke6 a3 53. Rh4 a2 54. Rh1 b4 55.
Kxd6 b3 56. Rh4 a1=Q 57. Rb4+ Ka5 58. Rxb3 Qc1 59. Re3 Qc5+ 60. Ke6 Re7+ 61. Kf5 Rxe3 62. Kf4 Qxd5 63. g4 Qg5# 0-1

[Event "*** Titled Tuesday Blitz"]
[Site "Chess.com"]
[Date "2021.04.06"]
[Round "1"]
[White "XDPS"]
[Black "SergeyShtyka"]
[Result "1-0"]
[WhiteElo "2755"]
[BlackElo "2409"]
[TimeControl "180+1"]
[EndTime "10:08:25 PDT"]
[Termination "XDPS won on time"]

1. e4 c5 2. Nf3 Nc6 3. Bb5 g6 4. Bxc6 dxc6 5. d3 Bg7 6. h3 Nf6 7.
Nc3 O-O 8. Be3 b6 9. Qd2 Qc7 10. O-O Rd8 11. Bh6 c4 12. Bxg7 Kxg7 13. d4 b5 14. e5 Nd5 15. Ne4 Bf5 16. Ng3 Be6 17. Ne4 Bf5 18. Nc5 a5 19. Rfe1 Qc8 20. Kh2 b4 21. Qe2 c3 22. b3 Nc7 23. g4 Be6 24.
Rad1 Bd5 25. Ng5 h6 26. Nge4 Ne6 27. Nxe6+ Qxe6 28. Nc5 Qc8 29. f4 Ra7 30. Rd3 f6 31.
Rf1 Rf8 32. f5 g5 33. Re1 Rd8 34. Re3 Qb8 35. Kg1 Rf8 36. Qh2 Qd8 37. Qg3 Qc8 38. exf6+ exf6 39. Re7+ Rxe7 40. Rxe7+ Rf7 41. Qd6 Qf8 42.
Rxf7+ Kxf7 43. Qxf8+ Kxf8 44. Nb7 Ke7 45. Nxa5 Kd6 46.
Nb7+ Kc7 47. Nc5 Kd6 48. Kf2 Kc7 49. Nd3 Be4 50. Nxb4 Kd6 51. a4 c5 52. dxc5+ Kxc5 53. Na6+ Kb6 54. Nb4 Kc5 55. Na2 1-0

[Event "*** Titled Tuesday Blitz"]
[Site "Chess.com"]
[Date "2021.04.06"]
[Round "1"]
[White "Firegrizzly"]
[Black "kidagent"]
[Result "1-0"]
[WhiteElo "2625"]
[BlackElo "2329"]
[TimeControl "180+1"]
[EndTime "10:08:25 PDT"]
[Termination "Firegrizzly won by resignation"]

1. d4 d5 2. Nf3 Nf6 3. Bf4 c5 4. e3 cxd4 5. exd4 Nc6 6. c3 e6 7.
Nbd2 Bd6 8. Bg5 h6 9. Bh4 Bd7 10.
Bd3 Qc7 11. Qe2 O-O-O 12. Bg3 Kb8 13. Bxd6 Qxd6 14. Ne5 Be8 15. f4 Nd7 16. O-O f6 17. Nxc6+ Qxc6 18. Rae1 Bf7 19. Qg4 g5 20. f5 e5 21. Qg3 Ka8 22. Nb3 e4 23. Be2 h5 24.
a4 Qxa4 25. Na1 h4 26. Qd6 Qc6 27. Qa3 Nb6 28. Nc2 Nc4 29. Bxc4 Qxc4 30. Ne3 Qc6 31.
Ra1 a6 32. Rfc1 Rc8 33. h3 Rc7 34. Qa5 Ka7 35. Ra3 Rd8 36. Rca1 Qb6 37. Qxb6+ Kxb6 38. Ra5 Rd6 39. Kf2 Rcd7 40. Ng4 Ka7 41. R5a3 b5 42. Ra5 Rb7 43. b4 Rc6 44. R5a3 Rbc7 45. Ne3 Kb7 46. Nd1 Rb6 47. Ke3 Be8 48. Kd2 Bd7 49. Ne3 Rd6 50.
Rg1 Bc8 51. Rf1 Kb6 52. Rf2 Rg7 53. Ng4 Bb7 54. Ke3 Rc6 55. Rc2 Rgc7 56. Kf2 Rd6 57.
g3 Bc8 58. gxh4 gxh4 59. Ne3 Rg7 60. Rc1 Rg3 61. Rh1 Rd8 62. Raa1 Bb7 63. Raf1 Rdg8 64. Ke2 Kc6 65. Rf4 Rh8 66. Rg4 Rxg4 67. hxg4 h3 68. Rh2 Bc8 69. Kf2 Bd7 70. Kg3 a5 71. bxa5 Ra8 72. Rxh3 Rxa5 73. Rh6 Ra3 74. Rxf6+ Kb7 75. Nxd5 Bc6 76. Rf7+ Kb8 77. Nb4 Rxc3+ 78. Kf4 Bb7 79.
Rf8+ Ka7 80. f6 Rc4 81. f7 Rxd4 82. Ra8+ Bxa8 83. f8=Q e3+ 84. Kxe3 Re4+ 85. Kd3 Rxg4 86. Qc5+ Kb8 87. Qd6+ Ka7 88. Qd7+ Bb7 89. Qxg4 1-0

[Event "*** Titled Tuesday Blitz"]
[Site "Chess.com"]
[Date "2021.04.06"]
[Round "1"]
[White "kirillshevchenko"]
[Black "woodhy"]
[Result "1-0"]
[WhiteElo "2823"]
[BlackElo "2432"]
[TimeControl "180+1"]
[EndTime "10:08:26 PDT"]
[Termination "kirillshevchenko won by checkmate"]

1. e4 e6 2. d3 d5 3. Nd2 Nf6 4. Ngf3 c5 5. g3 Nc6 6. Bg2 b6 7. O-O Bb7 8. Re1 Be7 9. e5 Nd7 10. Nf1 Qc7 11. Qe2 h6 12. h4 O-O-O 13. N1h2 Rdg8 14.
c3 Kb8 15. d4 cxd4 16. cxd4 Nb4 17. Be3 Ba6 18. Qd2 Qc2 19. Red1 Rc8 20. Bf1 Bxf1 21. Kxf1 Kb7 22. a3 Qxd2 23. Rxd2 Nc6 24. g4 Na5 25. Rad1 Nc4 26. Re2 a5 27. a4 b5 28. axb5 a4 29.
Kg2 Ra8 30. g5 hxg5 31. hxg5 Ra5 32. Ra1 Rha8 33. Ng4 Rxb5 34. Bc1 a3 35. bxa3 Ra4 36. Kg3 Rb3 37. Be3 Raxa3 38. Rxa3 Bxa3 39. g6 fxg6 40. Ng5 Nf8 41. Kg2 Be7 42. Nf7 Nb2 43. Re1 Nc4 44.
Rh1 Nxe3+ 45. fxe3 Rb2+ 46. Kf3 Nd7 47. Rh7 Bf8 48.
Nd8+ Kc8 49. Nxe6 Bb4 50. Rxg7 Be1 51. Rxg6 Nb6 52. Rg8+ Kd7 53. Nc5+ Kc6 54. Rg6+ Kb5 55. Rxb6+ Ka5 56. Rxb2 Bc3 57. Ra2+ Kb4 58. e6 Bxd4 59. exd4 Kc4 60. e7 Kxd4 61. e8=Q Kc4 62. Qa4+ Kxc5 63. Rc2+ Kd6 64. Qc6+ Ke7 65. Re2+ Kf7 66. Qd7+ Kg6 67.
Re6+ Kg5 68. Qg7+ Kf5 69. Re5# 1-0

[Event "*** Titled Tuesday Blitz"]
[Site "Chess.com"]
[Date "2021.04.06"]
[Round "1"]
[White "stanyga"]
[Black "Xeniya2005"]
[Result "1-0"]
[WhiteElo "2621"]
[BlackElo "2326"]
[TimeControl "180+1"]
[EndTime "10:08:26 PDT"]
[Termination "stanyga won on time"]

1. d4 Nf6 2. c4 e6 3. Nc3 Bb4 4. f3 d5 5. a3 Bxc3+ 6. bxc3 c5 7. e3 Qc7 8. cxd5 exd5 9. Kf2 O-O 10. Bd3 Nc6 11. Ne2 Bd7 12. Nf4 Rae8 13. h4 h5 14. Rb1 b6 15. Qg1 Ne7 16. Qh2 Qc8 17. Rb2 Bf5 18. Be2 cxd4 19. cxd4 Qc3 20. Qg3 Ng6 21. Nxg6 Bxg6 22. Qd6 Re6 23. Qb4 Qc7 24. Bd2 Rfe8 25. Rb3 Nd7 26. Rc3 Qb8 27. g3 Rf6 28. Rhc1 Rfe6 29.
Rc7 Nf6 30. Qa4 a5 31. Qb5 Bf5 32. Kg2 Qd8 33. Rc8 Qxc8 34. Rxc8 Rxc8 35. Bd1 Rcc6 36. Kf2 Rc7 37. Qa6 Rec6 38. Qa8+ Kh7 39. Qd8 Rc8 40.
Qe7 R8c7 41. Qe5 Bc2 42. Be2 Bb3 43. g4 hxg4 44. Qf5+ g6 45. Qf4 gxf3 46. Bxf3 Bc2 47. Kg3 Be4 48. Bd1 Rc4 49. Qxf6 R4c6 50. Qf4 Re7 51. h5 Rce6 52. hxg6+ Rxg6+ 53. Kf2 1-0

[Event "*** Titled Tuesday Blitz"]
[Site "Chess.com"]
[Date "2021.04.06"]
[Round "1"]
[White "WPWPWP-2015"]
[Black "kuli4ik"]
[Result "0-1"]
[WhiteElo "2446"]
[BlackElo "2866"]
[TimeControl "180+1"]
[EndTime "10:08:27 PDT"]
[Termination "kuli4ik won on time"]

1. e4 Nf6 2. Nc3 d5 3. e5 Nfd7 4. f4 Nb6 5. d4 Bf5 6. g4 Be4 7. Nxe4 dxe4 8. c4 e6 9. Ne2 c5 10. dxc5 Qh4+ 11. Ng3 Bxc5 12. Qe2 Nc6 13. Qxe4 O-O-O 14. Be2 Rd7 15. Be3 Bxe3 16. Qxe3 Qh3 17. Rd1 Rxd1+ 18.
Kxd1 Qg2 19. Qf3 Rd8+ 20. Kc1 Qxf3 21. Bxf3 Nd4 22. Be4 Nxc4 23. Re1 g6 24. Ne2 Kc7 25. b3 Nb6 26. Nc3 a6 27. Rd1 h6 28. Kb2 Rd7 29.
h4 Rd8 30. h5 gxh5 31. gxh5 Nc6 32. Rg1 Rh8 33. Rg7 Nd8 34. f5 exf5 35. Bxf5 Kb8 36. Ne4 Nd5 37. Nd6 Rf8 38. Be4 Nf4 39. Bf3 Nd3+ 40.
Kc3 Nxe5 41. Be4 Kc7 42. Nf5 Rh8 43. Kd4 Nd7 44. Bd3 Ne6+ 45. Ke3 Nxg7 46. Nxg7 Ne5 47. Be4 b6 48. Nf5 Nd7 49. Kf4 Nf6 50. Bf3 a5 51.
Ne3 Kd6 52. Nc4+ Kc5 53. Ne5 Nd7 54. Ng4 b5 55. Ne3 b4 56. Nf5 Nf6 57. Be2 Nd5+ 58. Kf3 Nc3 59. Bc4 Nxa2 60. Bxf7 Nc1 61. Ke4 a4 62.
bxa4 b3 63. Nd4 b2 0-1

[Event "*** Titled Tuesday Blitz"]
[Site "Chess.com"]
[Date "2021.04.06"]
[Round "1"]
[White "Chessbard1972"]
[Black "CheckThis4"]
[Result "1/2-1/2"]
[WhiteElo "2338"]
[BlackElo "2617"]
[TimeControl "180+1"]
[EndTime "10:08:27 PDT"]
[Termination "Game drawn by stalemate"]

1. e4 e6 2. d4 d5 3. e5 c5 4.
dxc5 Nc6 5. Nf3 Bxc5 6. Bd3 f6 7. Qe2 Qc7 8. exf6 Nxf6 9. O-O Bd7 10. Bg5 O-O-O 11. c4 Nd4 12. Nxd4 Bxd4 13. Nc3 dxc4 14. Bxc4 Bxc3 15. bxc3 Rhe8 16. Rfd1 Kb8 17. Bh4 e5 18. Rab1 Bc6 19. Bb5 Rxd1+ 20. Rxd1 Ne4 21. Bxc6 Qxc6 22.
Qh5 Nxc3 23. Re1 g6 24. Qxh7 Qc4 25. Bg3 Ne2+ 26. Kh1 Qc3 27. Rf1 Nxg3+ 28. fxg3 e4 29. Rb1 Qc6 30. Qf7 e3 31. h3 e2 32. Rxb7+ Kc8 33.
Rc7+ Kb8 34. Rxc6 e1=Q+ 35. Kh2 Qe4 36. Qc7+ Ka8 37. Ra6 Qb7 38. Qxb7+ Kxb7 39. Rxg6 Re2 40. a4 Re4 41. Rg4 Re8 42. h4 Kb6 43. Kh3 a5 44. h5 Kc5 45. Kh4 Rb8 46. h6 Kd5 47. Kh5 Ke6 48. h7 Kf7 49. Rg8 Rb1 50. h8=Q Rh1+ 51. Kg4 Re1 52. Qg7+ Ke6 53. Qg6+ Kd5 54. Rd8+ Kc4 55.
Rc8+ Kb3 56. Qb6+ Ka3 57. Rc3+ Ka2 58. Qb3+ Ka1 59. Qa3+ Kb1 60. Qb3+ Ka1 61. Rc2 Re4+ 62. Kf5 Re5+ 63. Kf4 Re4+ 64. Kf3 Rf4+ 65. Ke2 Rf2+ 66. Ke1 Rf1+ 67. Kd2 Rf2+ 68. Kc3 Rxc2+ 69. Qxc2 1/2-1/2

[Event "*** Titled Tuesday Blitz"]
[Site "Chess.com"]
[Date "2021.04.06"]
[Round "1"]
[White "GrigoriyM2001"]
[Black "MuhittinBuker"]
[Result "1-0"]
[WhiteElo "2529"]
[BlackElo "2198"]
[TimeControl "180+1"]
[EndTime "10:08:27 PDT"]
[Termination "GrigoriyM2001 won on time"]

1. d4 Nf6 2. c4 e6 3. g3 b6 4.
Bg2 c6 5. Nf3 Ba6 6. Qc2 d5 7. O-O Bxc4 8. Ne5 Ba6 9. Bg5 Bb7 10. Nc3 Be7 11. e4 O-O 12. exd5 cxd5 13. Nb5 Na6 14. Nc6 Bxc6 15. Qxc6 h6 16. Bf4 Qd7 17.
Qxd7 Nxd7 18. Rfc1 Rfc8 19. a3 g5 20. Bd6 Bxd6 21.
Nxd6 Rxc1+ 22. Rxc1 Kf8 23. Bf1 Nab8 24. Rc8+ Ke7 25.
Nb5 a6 26. Nc7 Ra7 27. f4 gxf4 28. gxf4 Nc6 29. Nxd5+ exd5 30. Rxc6 Nf6 31. Bg2 b5 32. Kf2 a5 33. Bf3 b4 34. a4 Ra8 35. f5 Ra7 36. Ke3 Rb7 37. Kf4 b3 38. Ke5 Nd7+ 39. Kxd5 Rb4 40. Rc7 Kd8 41. Ra7 Rxa4 42. Be2 Ra1 43.
Bb5 Nf6+ 44. Kd6 Ne4+ 45. Ke5 Ng5 46. Bc6 Re1+ 47. Kf6 Ne4+ 48. Kxf7 Nd6+ 49. Kg6 Nc4 50. f6 Rg1+ 51. Kxh6 Nxb2 52. f7 Rf1 53. Kg7 Nc4 54. f8=Q+ Rxf8 55. Kxf8 b2 56. Rb7 Kc8 57. Rb3 a4 58. Bxa4 1-0